 Dungeon Crawl Stone Soup version 0.18-a0-1797-gc18daef (webtiles) character file.

383 Tarnath the Chiller (level 6, 0/32 HPs)
             Began as a Gargoyle Ice Elementalist on Apr 22, 2016.
             Was an Initiate of Vehumet.
             Slain by a gnoll
             ... wielding a +0 halberd
              (6 damage)
             ... on level 4 of the Dungeon.
             The game lasted 00:18:31 (4069 turns).

Tarnath the Chiller (Gargoyle Ice Elementalist)     Turns: 4069, Time: 00:18:32

Health: 0/32       AC:  7    Str: 11    XL:     6   Next: 76%
Magic:  9/11       EV: 12    Int: 18    God:    Vehumet [......]
Gold:   191        SH:  0    Dex: 10    Spells: 3 memorised, 5 levels left

rFire  . . .     SeeInvis .     o - +0 whip (distort)
rCold  + . .     Gourm    .     a - +0 robe
rNeg   + . .     Faith    .     (no shield)
rPois  ∞         Spirit   .     (no helmet)
rElec  +         Dismiss  .     (no cloak)
rCorr  .         Reflect  .     (no gloves)
SustAt .         Harm     .     s - +0 pair of boots
MR     .....                    (no amulet)
Stlth  ++........               (no ring)
                                n - ring of protection from cold (curse)

@: not resistant to hostile enchantments, unstealthy
A: negative energy resistance 1, electricity resistance, unbreathing,
petrification resistance, rot immunity, AC +4
a: Renounce Religion


You were on level 4 of the Dungeon.
You worshipped Vehumet.
Vehumet was noncommittal.
You were not hungry.

You visited 1 branch of the dungeon, and saw 4 of its levels.

You collected 240 gold pieces.
You spent 49 gold pieces at shops.

Inventory:

Hand Weapons
 o - a +0 whip of distortion (weapon)
Armour
 a - a +0 robe (worn)
 g - a +0 buckler
 s - a +0 pair of boots (worn)
Jewellery
 n - a cursed ring of protection from cold (left hand)
Scrolls
 f - a scroll of amnesia
 i - 4 scrolls of remove curse
 j - a scroll of fear
 k - 2 scrolls of random uselessness {unknown}
 p - a scroll of enchant weapon {unknown}
 u - a scroll of magic mapping
 v - a scroll of noise {unknown}
 w - a scroll of identify
Potions
 d - 6 potions of curing
 e - 2 potions of flight
 m - a potion of brilliance
 q - a potion of ambrosia {unknown}
Books
 b - a book of Frost

   Spells                             Type                      Level
   a - Freeze                         Ice                          1
   b - Throw Frost                    Conjuration/Ice              2
   c - Ozocubu's Armour               Charms/Ice                   3
   d - Throw Icicle                   Conjuration/Ice              4
   e - Summon Ice Beast               Ice/Summoning                4
 l - a Grand Grimoire

   Spells                             Type                      Level
   a - Monstrous Menagerie            Summoning                    7
   b - Summon Greater Demon           Summoning                    7
   c - Malign Gateway                 Summoning/Translocation      7
   d - Summon Horrible Things         Summoning                    8
Comestibles
 c - 2 bread rations
 h - 2 beef jerkies
 r - 3 fruits
 t - 2 meat rations


   Skills:
 - Level 1.5 Dodging
 - Level 2.1 Stealth
 + Level 3.6 Spellcasting
 + Level 3.5 Conjurations
 * Level 5.6 Ice Magic


You had 5 spell levels left.
You knew the following spells:

 Your Spells              Type           Power        Failure   Level  Hunger
a - Freeze                Ice            ###.         1%          1    None
b - Throw Frost           Conj/Ice       ###...       4%          2    ##.....
c - Throw Icicle          Conj/Ice       ###.....     28%         4    ####...


Dungeon Overview and Level Annotations

Branches:
Dungeon (4/15)
 Temple: D:4-7

Altars:
Fedhas
Okawaru
Pakellas
Qazlal
Vehumet
The Shining One

Shops:
D:4 ?


Innate Abilities, Weirdness & Mutations

You are resistant to torment.
Your stone body is resilient (AC +4).
You are immune to poison.
You resist negative energy.
You are resistant to electric shocks.
You can survive without breathing.
You are immune to petrification.
You are immune to rotting.


Message History

Press: ? - help, Shift-Dir - straight line, f - hound
Aim: a hound You freeze the hound.
The hound is heavily wounded.
The hound bites you.
* * * LOW HITPOINT WARNING * * *
The hound barely misses you. The hound barely misses you.
You see here 25 sling bullets.
The hound bites you but does no damage.
Casting: Freeze
Confirm with . or Enter, or press ? or * to list all spells.
Aiming: Freeze
Press: ? - help, Shift-Dir - straight line, f/p - hound
Aim: a hound (heavily wounded)
You freeze the hound.
The hound is heavily wounded.
The hound bites you but does no damage.
The gnoll hits you from afar with a halberd.
You die...

..........#.....>..##≈≈####≈≈####
..##......##.....(.##≈##≈≈##≈#...
..##......##.......##≈†≈≈.≈#≈#...
...#.........>......#≈≈≈≈≈≈#≈#...
...#.>...........)..####≈≈##†#.##
...#............)).##≈≈####≈†####
...#................≈≈†≈≈≈≈≈≈≈#..
..##...............##≈≈####≈≈##).
..##..........gh@..#####..####..§
#...###...##.......##.....#....##
#...#E######..(....##.....#....#.
#...###....g.g............#....#.
...................##.....##...#.
.._................#########...##
..........##.......##.....#######
#...###...##.......##......# #
#...#E######..............(#


You could see a hound and 3 gnolls.

Vanquished Creatures
  An orc priest (D:3)
  Natasha (thrice) (D:3)
  2 orc wizards (D:4)
  2 worker ants
  5 adders
  7 worms
  A dart slug (D:3)
  5 giant geckos
  11 orcs
  2 ball pythons (D:2)
  A giant cockroach (D:1)
  4 goblins
  7 hobgoblins
  2 jackals (D:3)
  4 quokkas
  5 bats
  A giant newt (D:2)
  A goblin skeleton (D:4)
  A hobgoblin zombie (D:4)
  4 kobolds
  2 kobold skeletons (D:4)
  An orc skeleton (D:4)
  2 orc zombies (D:4)
  6 rats
80 creatures vanquished.

Vanquished Creatures (others)
  A crimson imp (D:4)
  A shadow imp (D:4)
  An orc (D:4)
  A kobold zombie (D:4)
  An orc zombie (D:4)
5 creatures vanquished.

Grand Total: 85 creatures vanquished

Notes
Turn   | Place    | Note
--------------------------------------------------------------
     0 | D:1      | Tarnath the Gargoyle Ice Elementalist began the quest for the Orb.
     0 | D:1      | Reached XP level 1. HP: 10/10 MP: 3/3
   206 | D:1      | Reached XP level 2. HP: 9/15 MP: 0/5
   900 | D:2      | Learned a level 2 spell: Throw Frost
  1139 | D:2      | Reached XP level 3. HP: 14/19 MP: 6/6
  1336 | D:2      | Found a blossoming altar of Fedhas.
  1694 | D:3      | Reached skill level 4 in Ice Magic
  1861 | D:3      | Reached XP level 4. HP: 16/24 MP: 1/7
  2259 | D:3      | Noticed Natasha
  2362 | D:3      | Killed Natasha
  2362 | D:3      | Reached XP level 5. HP: 16/28 MP: 2/9
  2494 | D:3      | Found an oddly glowing altar of Pakellas.
  2546 | D:3      | Learned a level 4 spell: Throw Icicle
  2554 | D:3      | Noticed Natasha
  2572 | D:3      | Killed Natasha
  2701 | D:3      | Reached skill level 5 in Ice Magic
  2813 | D:3      | Noticed Natasha
  2819 | D:3      | Killed Natasha
  3079 | D:4      | Reached XP level 6. HP: 31/32 MP: 10/10
  3123 | D:4      | Found a glowing golden altar of the Shining One.
  3238 | D:4      | Found a radiant altar of Vehumet.
  3242 | D:4      | Became a worshipper of Vehumet
  3886 | D:4      | Found Buukahi's Magic Scroll Emporium.
  3897 | D:4      | Bought a scroll of magic mapping for 49 gold pieces
  3945 | D:4      | Noticed a fire elemental
  3947 | D:4      | Found a stormy altar of Qazlal.
  3952 | D:4      | Noticed a water elemental
  3953 | D:4      | Noticed an air elemental
  4029 | D:4      | Found an iron altar of Okawaru.
  4069 | D:4      | Slain by a gnoll

Vault maps used:
D:1:      lordsloth_arrival_two_stooges, kennysheep_minor_cross
D:2:      lemuel_doored_altar, grunt_decor_fettered
D:3:      grunt_pakellas_mercury, minmay_three_crescents, uniq_natasha
D:4:      nicolae_tso_besieged_by_evil, marbit_many_paths,
          okawaru_metal_pillars_1_2, nicolae_qazlal_style_of_elements,
          gup_sewer_entry_bubbles, first_bread, serial_shops, shop_scrolls,
          grunt_ministairs_12

Skill      XL: |  1  2  3  4  5  6 |
---------------+-------------------+-----
Ice Magic      | 4 5 |  5.6
Conjurations   | 2 3 |  3.5
Spellcasting   | 3 |  3.6
Dodging        | |  1.5
Stealth        | |  2.1

Action                   |  1- 3 |  4- 6 || total
-------------------------+-------+-------++-------
Melee: Club              |    11 |       ||    11
       War axe           |    49 |     5 ||    54
       Spear             |    22 |       ||    22
       Whip              |       |    77 ||    77
 Cast: Freeze            |    37 |    74 ||   111
       Throw Frost       |     1 |     5 ||     6
  Use: Scroll            |     6 |     2 ||     8
 Stab: Sleeping          |     4 |     1 ||     5
  Eat: Chunk             |     4 |     7 ||    11
Armor: Robe              |    29 |    43 ||    72
Dodge: Dodged            |    67 |    79 ||   146
